Selects Australian Defense Battlegroup
Selects Australian Light Infantry Section
Australian Light Infantry Section
Australian Light Infantry Section
Construct Section Command Post
Construct Platoon Command Post
Construct Field Infirmary
Selects 2-pounder Anti-tank Gun Team
Australian Light Infantry Section
Selects CMP 15cwt Supply Run
2-pounder Anti-tank Gun Team
Construct Company Command Post
2-pounder Anti-tank Gun Team
Selects CMP 15cwt Supply Run
Selects Artillery Trip Wire Flares
Selects Charged Creeping Barrage
6-pounder Anti-tank Gun Team
Australian Light Infantry Section